 Dungeon Crawl Stone Soup version 0.18.1-50-g88ac8fd (webtiles) character file.

16 Nordron the Changer (level 2, -2/25 HPs)
             Began as a Naga Transmuter on Sept 29, 2016.
             Slain by a gnoll
             ... wielding a +0 whip
              (10 damage)
             ... on level 1 of the Dungeon.
             The game lasted 00:02:08 (291 turns).

Nordron the Changer (Naga Transmuter)                Turns: 291, Time: 00:02:09

Health: -2/25      AC:  1    Str: 12    XL:     2   Next: 58%
Magic:  4/5        EV: 10    Int: 13    God:
Gold:   5          SH:  0    Dex: 11    Spells: 1 memorised, 4 levels left

rFire  . . .     SeeInvis +     e - +0 short sword
rCold  . . .     Gourm    .     b - +0 robe
rNeg   . . .     Faith    .     (no shield)
rPois  +         Spirit   .     (no helmet)
rElec  .         Dismiss  .     (no cloak)
rCorr  .         Reflect  .     (no gloves)
SustAt .         Harm     .     (no barding)
MR     .....                    (no amulet)
Stlth  +.........               (no ring)
                                (no ring)

@: appendage, very slow, not resistant to hostile enchantments, very unstealthy
A: horns 2, see invisible, deformed body, poison resistance, slowness 2, slow
metabolism 1, spit poison 2, AC +0
a: Spit Poison, End Transformation


You were on level 1 of the Dungeon.
You were not hungry.
You had grown temporary horns.
You visited 1 branch of the dungeon, and saw 1 of its levels.

You collected 5 gold pieces.

Inventory:

Hand Weapons
 e - a +0 short sword (weapon)
Missiles
 a - 31 arrows
Armour
 b - a +0 robe (worn)
Scrolls
 h - a scroll of teleportation {unknown}
Potions
 i - a potion of curing {unknown}
 j - a potion of cure mutation {unknown}
 k - a potion of haste {unknown}
Books
 c - a book of Changes

   Spells                             Type                      Level
   a - Beastly Appendage              Transmutation                1
   b - Sticks to Snakes               Transmutation                2
   c - Spider Form                    Transmutation/Poison         3
   d - Ice Form                       Ice/Transmutation            4
   e - Blade Hands                    Transmutation                5
Comestibles
 d - a bread ration
 f - a royal jelly
 g - 4 chunks of flesh


   Skills:
 - Level 1.0 Fighting
 - Level 1.5 Dodging
 - Level 3.0 Unarmed Combat
 - Level 2.0 Spellcasting
 * Level 3.1 Transmutations


You had 4 spell levels left.
You knew the following spells:

 Your Spells              Type           Power        Failure   Level  Hunger
a - Beastly Appendage     Trmt           #.....       10%         1    ##.....


Dungeon Overview and Level Annotations

Branches:
Dungeon (1/15)

Altars:


Innate Abilities, Weirdness & Mutations

You cannot wear boots.
Your serpentine skin is tough (AC +0).
You have supernaturally acute eyesight.
Armour fits poorly on your strangely shaped body.
Your system is resistant to poisons.
You cover ground very slowly.
You have a slow metabolism.
You can spit poison.
You have a pair of horns on your head.


Message History

k - a fizzy clear potion You now have 5 gold pieces.
Found a robe.
A gnoll comes into view. It is wielding a whip.
The gnoll shouts!
The gnoll throws a tomahawk.
The tomahawk completely misses you.
The gnoll throws a tomahawk.
The tomahawk barely misses you.
The gnoll throws a tomahawk.
The tomahawk hits you.
You see here a tomahawk.
Casting: Beastly Appendage
Confirm with . or Enter, or press ? or * to list all spells.
You grow a pair of large bovine horns.
The gnoll throws a tomahawk.
The tomahawk hits you.
The gnoll throws a tomahawk.
The tomahawk hits you!
You see here a tomahawk.
The gnoll hits you but does no damage.
You hit the gnoll. Your headbutt misses the gnoll.
The gnoll is lightly wounded.
The gnoll hits you with a whip. The gnoll hits you with a whip!
You die...

#.#.#
####.#######.)...
#.#.# #.# ##...#
#.#.######.#
##...
#..#........
.....#
#.[.######.#
####.# ###.# #..
#. ##.## #####
#####.(.##.####
.......((@g...#
#####..(#.....#
##.##........
#.##.....###
#.##.....#
#.###..#.# #.
..#.# #. ..# .##
## ## #...## ###.


You could see a gnoll.

Vanquished Creatures
  A dart slug (D:1)
  A bat (D:1)
  A giant cockroach (D:1)
  5 hobgoblins (D:1)
  4 kobolds (D:1)
12 creatures vanquished.

Notes
Turn   | Place    | Note
--------------------------------------------------------------
     0 | D:1      | Nordron the Naga Transmuter began the quest for the Orb.
     0 | D:1      | Reached XP level 1. HP: 18/18 MP: 3/3
   138 | D:1      | Reached XP level 2. HP: 21/25 MP: 5/5
   291 | D:1      | Slain by a gnoll

Skill      XL: |  1  2 |
---------------+-------+-----
Transmutations | 3 |  3.1
Fighting       | |  1.0
Dodging        | |  1.5
Unarmed Combat | |  3.0
Spellcasting   | |  2.0

Action                   || total
-------------------------++-------
Melee: Short sword       ||    35
       Unarmed           ||     5
       Headbutt          ||     6
 Cast: Beastly Appendage ||     8
Armor: Robe              ||     3
Dodge: Dodged            ||    21
